 Dungeon Crawl Stone Soup version 0.31.0-1-g2c135a008e (webtiles) character file.

Game seed: 13689111134924155238

291 qw the Shooter (level 6, 0/46 HPs)
             Began as a Djinni Hunter on Jan 23, 2024.
             Slain by a gnoll
             ... wielding a +0 club
              (3 damage)
             ... on level 3 of the Dungeon.
             The game lasted 00:00:07 (1999 turns).

qw the Shooter (Djinni Hunter)                      Turns: 1999, Time: 00:00:08

Health: 0/46       AC:  5    Str: 10    XL:     6   Next: 59%
Gold:   172        EV: 11    Int: 11    God:
                   SH:  0    Dex: 18

rFire   + + .        a - +0 shortbow
rCold   x . .        (shield currently unavailable)
rNeg    . . .        f - +0 ring mail
rPois   inf          (no helmet)
rElec   .            (no cloak)
rCorr   .            (no gloves)
SInv    .            (boots unavailable)
Will    .....        (no amulet)
Stlth   +            (no ring)
HPRegen 0.27/turn    (no ring)
MPRegen 0.00/turn

%: infuse magic (-1 HP)
@: on fire, flying, glowing
A: sickness immunity, fire resistance 2, cold vulnerability 1, float, innate
caster, HP casting, extra vitality 1
a: no special abilities


You were on level 3 of the Dungeon.
You visited 1 branch of the dungeon, and saw 3 of its levels.

You collected 172 gold pieces.


Innate Abilities, Weirdness & Mutations

You are immune to sickness and miasma.
You are immune to poison.
Your flesh is very heat resistant. (rF++)
You are vulnerable to cold. (rC-)
You float through the air rather than walking.
You learn spells naturally, not from books.
Your magical power is your life essence.
You have superior vitality. (+4 MHP)


   Skills:
 - Level 3.0 Fighting
 + Level 4.4 Ranged Weapons
 - Level 4.0 Armour
 - Level 2.4 Dodging
 - Level 0.7 Stealth


You knew the following spells:

 Your Spells              Type           Power      Damage    Failure   Level
a - Sting                 Conj/Alch      0%         1d3       65%         1
b - Momentum Strike       Conj/Tloc      0%         3d8       78%         2
Your spell library was empty.

Inventory:

Hand Weapons
 a - a +0 shortbow (weapon)
Armour
 f - a +0 ring mail (worn)
Jewellery
 d - a ring of positive energy
Scrolls
 b - a scroll of identify
 h - a scroll of enchant armour
Potions
 c - a potion of ambrosia {unknown}

Dungeon Overview and Level Annotations

Branches:
Dungeon (3/15)

Altars:
Elyvilon


Message History

The arrow hits the bombardier beetle but does no damage.
The bombardier beetle is moderately wounded.
The gnoll closely misses you. The gnoll barely misses you.
You shoot an arrow. The arrow hits the bombardier beetle.
The bombardier beetle is heavily wounded.
The bombardier beetle sprays incendiary fluid at you.
The burning spray hits you.
You are covered in liquid fire!
The gnoll hits you with a +0 club.
You shoot an arrow. The arrow hits the bombardier beetle.
The bombardier beetle is heavily wounded.
The liquid fire burns you! The gnoll hits you but does no damage.
The gnoll hits you from afar with a +0 halberd.
The bombardier beetle barely misses you.
You shoot an arrow. The arrow hits the bombardier beetle.
The bombardier beetle is heavily wounded.
The liquid fire burns you!
The gnoll hits you from afar with a +0 halberd!
The gnoll closely misses you.
The bombardier beetle barely misses you.
You shoot an arrow. The arrow hits the bombardier beetle!
The bombardier beetle is almost dead.
The liquid fire burns you!
The gnoll hits you from afar with a +0 halberd.
The gnoll hits you with a +0 club. The gnoll closely misses you. x2
You shoot an arrow. The arrow hits the bombardier beetle!
You kill the bombardier beetle!
The liquid fire burns you!
The gnoll hits you from afar with a +0 halberd!
The gnoll barely misses you.
You shoot an arrow. The arrow hits the gnoll.
The gnoll is heavily wounded.
The liquid fire burns you! The gnoll closely misses you.
The gnoll hits you with a +0 club.
You shoot an arrow. The arrow closely misses the gnoll.
The liquid fire burns you!
The gnoll hits you from afar with a +0 halberd.
The gnoll hits you but does no damage. The gnoll hits you with a +0 club.
You die...

#######
#..........#
#..........#
##.###....## #..
#....# ##. #....#
####.# # ###...#
#####.#g..######
.....g.@......)..
....#Sg##########
. #.. #># #. ..
.# .


You could see 3 gnolls and a ball python.

Vanquished Creatures
  Sigmund (D:2)
  A bombardier beetle (D:3)
  2 adders
  3 dart slugs (D:1)
  4 orcs (D:3)
  5 bats
  3 endoplasms
  A giant cockroach (D:1)
  5 goblins (D:1)
  8 hobgoblins
  13 jackals (D:1)
  A kobold (D:1)
  5 quokkas
  3 ball pythons (D:1)
  2 frilled lizards
  5 rats
62 creatures vanquished.

Notes
Turn   | Place    | Note
-------+----------+-------------------------------------------
     0 | D:1      | qw the Djinni Hunter began the quest for the Orb.
     0 | D:1      | Reached XP level 1. HP: 18/18 MP: 0/0
     0 | D:1      | 0 ||| qw: Version: 0.3-a-135-gb77e89d
     0 | D:1      | 0 ||| qw: Game counter: 871
     0 | D:1      | 0 ||| qw: Melee chars always use a shield: true
     0 | D:1      | 0 ||| qw: God list: Okawaru
     0 | D:1      | 0 ||| qw: Allow faded altars: false
     0 | D:1      | 0 ||| qw: Do Orc after clearing Dungeon:15 true
     0 | D:1      | 0 ||| qw: Do second Lair branch before Depths: true
     0 | D:1      | 0 ||| qw: Lair rune preference: random
     0 | D:1      | 0 ||| qw: Goals: Normal
     0 | D:1      | 0 ||| PLANNING D:1-11
    93 | D:1      | Reached XP level 2. HP: 23/23 MP: 0/0
   227 | D:1      | Reached XP level 3. HP: 28/28 MP: 0/0
   227 | D:1      | Learned a level 1 spell: Sting
   310 | D:1      | 310 ||| RETREEEEATING.
   376 | D:1      | Reached XP level 4. HP: 31/34 MP: 0/0
   421 | D:1      | Reached skill level 3 in Fighting
   807 | D:1      | 807 ||| UPGRADING to +0 ring mail.
   817 | D:1      | 817 ||| DROPPING +0 leather armour.
   818 | D:1      | 818 ||| READING scroll labelled CAESIJAOCA.
   819 | D:1      | 819 ||| READING scroll labelled WEAG QEUNAO.
   920 | D:1      | 920 ||| READING 2 scrolls labelled ZAMMUO RASUAS.
   920 | D:1      | 920 ||| IDENTIFYING scroll labelled LEUBBO GEZECVO
   921 | D:1      | 921 ||| READING scroll of identify.
   921 | D:1      | 921 ||| IDENTIFYING scroll labelled YRCHUF IPACLE
   922 | D:1      | 922 ||| DROPPING scroll of butterflies.
   923 | D:1      | 923 ||| DROPPING scroll of noise.
   949 | D:2      | Noticed Sigmund
   955 | D:2      | Killed Sigmund
   956 | D:2      | Reached XP level 5. HP: 40/40 MP: 0/0
   956 | D:2      | Learned a level 2 spell: Momentum Strike
   956 | D:2      | Reached XP level 6. HP: 46/46 MP: 0/0
   956 | D:2      | Found a white marble altar of Elyvilon.
  1741 | D:2      | 1741 ||| READING scroll labelled YNOIHU XEFRECO.
  1796 | D:3      | 1796 ||| FLEEEEING.
  1998 | D:3      | HP: 11/46 [burnt (2)]
  1999 | D:3      | HP: 3/46 [gnoll/+0 halberd (4)]
  1999 | D:3      | Slain by a gnoll

Levels and vault maps discovered:
D:1:      spicycebolla_green_bress_n_ham_2, layout_loops_ring,
          hangedman_decor_push
D:2:      layout_loops_corners, basic_altar, uniq_sigmund
D:3:      layout_basic, amethyst_killhole

Skill      XL: |  1  2  3  4 |
---------------+-------------+-----
Ranged Weapons | 4 |  4.4
Fighting       | 3 |  3.0
Armour         | 4 |  4.0
Dodging        | |  2.4
Stealth        | |  0.7

Action                     |  1- 3 |  4- 6 || total
---------------------------+-------+-------++-------
   Fire: Shortbow          |    95 |    92 ||   187
    Use: Scroll            |       |     5 ||     5
 Armour: Leather armour    |    32 |     4 ||    36
         Ring mail         |       |    29 ||    29
  Dodge: Dodged            |    37 |    45 ||    82

Table legend:
 A = Non-vault XP
 B = Vault XP
 C = Vault XP percentage of total XP
 D = Non-vault monster count
 E = Vault monster count
 F = Vault count percentage of total count
                 A         B        C        D         E       F
            +---------+---------+-------+---------+---------+-------
      Total |     186 |     231 |  55.4 |      61 |       1 |   1.6
            +---------+---------+-------+---------+---------+-------
        D:1 |      83 |       0 |   0.0 |      42 |       0 |   0.0
        D:2 |      21 |     231 |  91.7 |       7 |       1 |  12.5
        D:3 |      82 |       0 |   0.0 |      12 |       0 |   0.0
            +---------+---------+-------+---------+---------+-------
